 Dungeon Crawl Stone Soup version 0.30.0-5-g1a98f26d00 (webtiles) character file.

Game seed: 3602482581767892224

12 SnakkuSnakku7 the Sneak (level 2, 0/21 HPs)
             Began as a Vampire Hedge Wizard on May 12, 2023.
             Slain by a gnoll
             ... wielding a +0 whip
              (5 damage)
             ... on level 1 of the Dungeon.
             The game lasted 00:00:47 (967 turns).

SnakkuSnakku7 the Sneak (Vampire Hedge Wizard)       Turns: 967, Time: 00:00:47

Health: 0/21       AC:  3    Str:  9    XL:     2   Next: 20%
Magic:  6/6        EV: 11    Int: 16    God:
Gold:   54         SH:  0    Dex: 13    Spells: 6/7 levels left

rFire   . . .        i - +1 spear (flame)
rCold   . . .        (no shield)
rNeg    . . .        f - +0 leather armour
rPois   .            c - +0 hat
rElec   .            (no cloak)
rCorr   .            (no gloves)
SInv    +            (no boots)
Will    .....        (no amulet)
Stlth   ++           (no ring)
HPRegen 0.43/turn    (no ring)
MPRegen 0.10/turn

%: no passive effects
@: healing quickly
A: alive, fangs 3, see invisible, vampiric 1
a: Exsanguinate


You were on level 1 of the Dungeon.
You visited 1 branch of the dungeon, and saw 2 of its levels.

You collected 54 gold pieces.

Inventory:

Hand Weapons
 a - a +0 dagger
 i - a +1 spear of flaming (weapon)
Armour
 b - a +0 robe
 c - a +0 hat (worn)
 f - a +0 leather armour (worn)
Scrolls
 e - a scroll of summoning {unknown}
 h - 3 scrolls of identify {unknown}
Potions
 d - a potion of magic
 g - a potion of attraction {unknown}
 j - a potion of cancellation {unknown}


   Skills:
 + Level 1.1 Fighting
 - Level 2.1 Dodging
 - Level 3.0 Stealth
 + Level 1.3 Unarmed Combat
 - Level 3.0 Spellcasting
 - Level 0.6 Conjurations
 - Level 1.0 Summonings
 - Level 0.7 Translocations


You had 6 spell levels left.
You knew the following spells:

 Your Spells              Type           Power      Damage    Failure   Level
a - Magic Dart            Conj           16%        1d3       21%         1

Your spell library contained the following spells:

 Spells                   Type           Power      Damage    Failure   Level
 Slow                     Hex            8%         N/A       26%         1
 Call Imp                 Summ           10%        N/A       26%         2
 Blink                    Tloc           8%         N/A       30%         2
 Cigotuvi's Dreadful Rot  Necr/Pois/Air  4%         N/A       36%         2
 Mephitic Cloud           Conj/Pois/Air  3%         N/A       58%         3


Dungeon Overview and Level Annotations

Branches:
Dungeon (2/15)

Altars:


Innate Abilities, Weirdness & Mutations

Your natural rate of healing is accelerated.
You have razor-sharp teeth.
You have supernaturally acute eyesight. (SInv)
You are afflicted with vampirism.


Message History

A gnoll comes into view. It is wielding a +0 spear.
There are monsters nearby!
A gnoll comes into view. It is wielding a +0 whip.
You see here a dart slug corpse.
You reach to attack!
You hit the gnoll but do no damage. The gnoll hits you with a +0 whip.
There is a stone staircase leading up, spattered with blood here.
The gnoll hits you but does no damage.
You climb upwards.
There is a stone staircase leading down here.
You hit the gnoll but do no damage. The gnoll hits you with a +0 whip.
You hit the gnoll. You burn the gnoll.
The gnoll is moderately wounded.
The gnoll misses you.
You hit the gnoll but do no damage.
The gnoll is moderately wounded.
The gnoll hits you with a +0 whip! The gnoll hits you with a +0 whip.
You are too injured to fight recklessly!
You are too injured to fight recklessly!
You barely miss the gnoll. You bite the gnoll, but do no damage.
The gnoll is moderately wounded.
The gnoll hits you with a +0 whip.
You barely miss the gnoll.
The gnoll is moderately wounded.
The gnoll barely misses you.
You hit the gnoll but do no damage.
The gnoll is moderately wounded.
The gnoll barely misses you.
You hit the gnoll. You burn the gnoll.
The gnoll is heavily wounded.
The gnoll hits you with a +0 whip.
* * * LOW HITPOINT WARNING * * *
You completely miss the gnoll.
The gnoll is heavily wounded.
The gnoll hits you with a +0 whip.
* * * LOW HITPOINT WARNING * * *
You hit the gnoll. You burn the gnoll.
The gnoll is severely wounded.
The gnoll hits you with a +0 whip.
You die...

## ##...## #.#
##'## #.# #.# #.#
#.# #.# ##.## #.#
# ##...## #.# ###
#.....# #.#
..####....## #.#
#........#.#####@#
#########.......g#
##########


You could see a gnoll.

Vanquished Creatures
  A dart slug (D:2)
  3 goblins (D:1)
  A hobgoblin (D:1)
  A quokka (D:2)
  3 kobolds
9 creatures vanquished.

Notes
Turn   | Place    | Note
-------+----------+-------------------------------------------
     0 | D:1      | SnakkuSnakku7 the Vampire Hedge Wizard began the quest for
                  | the Orb.
     0 | D:1      | Reached XP level 1. HP: 13/13 MP: 4/4
   249 | D:1      | Reached skill level 1 in Unarmed Combat
   870 | D:2      | Reached skill level 1 in Fighting
   870 | D:2      | Reached XP level 2. HP: 21/21 MP: 6/6
   967 | D:1      | Slain by a gnoll

Illustrated notes

Levels and vault maps discovered:
D:1:      minmay_arrival_jagged, layout_loops_corners
D:2:      layout_loops_ring, shapermc_ecumenical_altar_pompeii

Skill      XL: |  1 |
---------------+----+-----
Unarmed Combat | 1 |  1.3
Fighting       | 1 |  1.1
Dodging        | |  2.1
Stealth        | |  3.0
Spellcasting   | |  3.0
Conjurations   | |  0.6
Summonings     | |  1.0
Translocations | |  0.7

Action                     || total
---------------------------++-------
  Melee: Dagger            ||    27
         Bite              ||     4
         Spear             ||    16
   Stab: Sleeping          ||     1
 Armour: Robe              ||     4
         Leather armour    ||     4
  Dodge: Dodged            ||    15
